 Dungeon Sprint DCSS version 0.21.1-1-g345015f (webtiles) character file.

2600000 Fang the Axe Maniac (level 19, -10/207 HPs)
             Began as a Minotaur Gladiator on May 5, 2018.
             Was an Elder of Makhleb.
             Mangled by a large bag of meat
             ... wielding a +9 giant spiked club
              (126 damage)
             ... in the Dungeon (Sprint VIII: "Arena of Blood").
             The game lasted 00:00:19 (26 turns).

Fang the Axe Maniac (Minotaur Gladiator)              Turns: 26, Time: 00:00:20

Health: -10/207    AC:  5    Str: 26    XL:     19   Next: 2%
Magic:  17/35      EV: 29    Int:  5    God:    Makhleb [****..]
Gold:   0          SH:  0    Dex: 13    Spells: 45/45 levels left

rFire    . . .     SeeInvis .   l - +∞ Axe of Woe
rCold    . . .     Gourm    .   (shield currently unavailable)
rNeg     . . .     Faith    .   b - +0 leather armour
rPois    .         Spirit   .   c - +0 hat
rElec    .         Reflect  .   (no cloak)
rCorr    .         Harm     .   (no gloves)
MR       +....     NoTele   +   (no boots)
Stlth    ++++++....             (no amulet)
HPRegen  0.44/turn              (no ring)
MPRegen  0.24/turn              (no ring)

@: no status effects
A: retaliatory headbutt, horns 2
a: Minor Destruction, Lesser Servant of Makhleb, Major Destruction, Renounce
Religion


You were in the Dungeon.
You worshipped Makhleb.
Makhleb was greatly pleased with you.
You were not hungry.

You visited 1 branch

Inventory:

Hand Weapons
 a - a +0 war axe
 l - the +∞ Axe of Woe (weapon)
   (You found it in the Dungeon)
Missiles
 d - 3 throwing nets (quivered)
Armour
 b - a +0 leather armour (worn)
 c - a +0 hat (worn)
Scrolls
 k - a scroll of blinking
Potions
 e - a potion of curing
 g - a potion of heal wounds
 h - a potion of haste
 i - 2 potions of magic
 j - a potion of berserk rage
Comestibles
 f - a ration


   Skills:
 O Level 27 Fighting
 O Level 27 Axes
 O Level 27 Throwing
 + Level 21.3 Armour
 O Level 27 Dodging
 + Level 17.2 Stealth
 + Level 19.9 Unarmed Combat
 + Level 13.8 Spellcasting
 + Level 18.5 Invocations


You had 45 spell levels left.
You didn't know any spells.

Dungeon Overview and Level Annotations

Branches:
Dungeon (1/1)

Altars:
Makhleb


Innate Abilities, Weirdness & Mutations

You reflexively headbutt those who attack you in melee.
You have a pair of horns on your head.


Message History

You slash the bag of meat!
You hew the bag of meat savagely.
You kill the bag of meat!
Makhleb accepts your kill.
Your Armour skill increases to level 21!
Your Stealth skill increases to level 17!
Your Invocations skill increases to level 18!
You have reached level 19!
You hear a shout! x10
You hear a shout! x2
The destroyer appears out of thin air!
A destroyer comes into view.
It is wielding a +9 great sword of slicing.
You hear a shout! x7; You hear two shouts!
Unknown command.
An orc and an ogre come into view.
The destroyer shouts!
The meat berserker shouts!
The meat berserker moves out of view.
You hear a shout! x2
The large bag of meat hits you with a +9 giant spiked club!!!! x2
Ouch! That really hurt!
You die...

.... ..... ...
#... ..# . #...
..# o ..###...
..###Oo
......###.......
......_).......
#..)O)# .
#_)<@_# ...
...#V)).)#.....
......_))......
......###o......
..###... ..###..
. #...


oo# . #... ..# ..... O.. .... You could see a destroyer, 2 large bags of meat, a
meat berserker (berserk) and 5 bags of meat.

Vanquished Creatures
  5 ogres (D)
  10 orcs (D)
15 creatures vanquished.

Notes
Turn   | Place    | Note
-------+----------+-------------------------------------------
     0 | D        | Found the +∞ Axe of Woe
     0 | D        | Fang the Minotaur Gladiator began the quest for the Orb.
     0 | D        | Reached XP level 1. HP: 18/18 MP: 0/0
     3 | D        | Noticed a bag of meat
     4 | D        | Became a worshipper of Makhleb the Destroyer
     5 | D        | Noticed a bag of meat
     6 | D        | Noticed a bag of meat
     7 | D        | Noticed a bag of meat
     7 | D        | Noticed a meat berserker
     7 | D        | Noticed a meat berserker
     7 | D        | Noticed a bag of meat
     8 | D        | Killed a meat berserker
     8 | D        | Reached XP level 2. HP: 45/45 MP: 1/1
     8 | D        | Reached XP level 3. HP: 51/51 MP: 2/2
     8 | D        | Reached XP level 4. HP: 59/59 MP: 3/3
     8 | D        | Reached XP level 5. HP: 66/66 MP: 4/4
     8 | D        | Reached XP level 6. HP: 73/73 MP: 5/5
     8 | D        | Reached XP level 7. HP: 80/80 MP: 6/6
     8 | D        | Reached XP level 8. HP: 88/88 MP: 7/7
     8 | D        | Reached XP level 9. HP: 94/94 MP: 8/8
     8 | D        | Reached XP level 10. HP: 102/102 MP: 9/9
     8 | D        | Reached XP level 11. HP: 108/108 MP: 10/10
     8 | D        | Reached XP level 12. HP: 116/116 MP: 11/11
     8 | D        | Reached XP level 13. HP: 123/123 MP: 12/12
     9 | D        | Noticed a meat berserker
     9 | D        | Noticed a bag of meat
     9 | D        | Noticed a meat berserker
    10 | D        | Noticed a bag of meat
    10 | D        | Killed a meat berserker
    10 | D        | Reached * piety under Makhleb
    10 | D        | Reached skill level 27 in Axes
    10 | D        | Reached XP level 14. HP: 72/137 MP: 13/13
    10 | D        | Killed a meat berserker
    10 | D        | Reached skill level 27 in Dodging
    10 | D        | Reached XP level 15. HP: 81/155 MP: 14/14
    11 | D        | Killed a meat berserker
    11 | D        | Reached ** piety under Makhleb
    11 | D        | Reached XP level 16. HP: 96/182 MP: 15/15
    13 | D        | Reached skill level 27 in Fighting
    13 | D        | Reached skill level 27 in Throwing
    14 | D        | Reached *** piety under Makhleb
    14 | D        | Reached XP level 17. HP: 175/191 MP: 15/23
    15 | D        | Reached skill level 10 in Unarmed Combat
    16 | D        | Noticed a meat berserker
    17 | D        | Reached skill level 10 in Stealth
    17 | D        | Reached **** piety under Makhleb
    17 | D        | Reached skill level 15 in Armour
    19 | D        | Killed a meat berserker
    19 | D        | Reached skill level 15 in Invocations
    19 | D        | Reached XP level 18. HP: 200/200 MP: 15/32
    21 | D        | Reached skill level 15 in Stealth
    23 | D        | Noticed a large bag of meat
    24 | D        | Noticed a large bag of meat
    24 | D        | Reached XP level 19. HP: 207/207 MP: 16/35
    26 | D        | Noticed a destroyer
    26 | D        | Noticed a meat berserker
    26 | D        | Mangled by a large bag of meat

Skill      XL: |  1  2  3  4  5  6  7  8  9 10 11 12 13 14 15 16 17 18 |
---------------+-------------------------------------------------------+-----
Fighting       | 13 16 19 26 27 | 27.0
Axes           | 23 27 | 27.0
Throwing       | 11 13 17 22 27 | 27.0
Dodging        | 21 24 27 | 27.0
Armour         | 8 18 21 | 21.3
Stealth        | 6 14 17 | 17.2
Unarmed Combat | 7 16 19 | 19.9
Spellcasting   | 4 11 13 | 13.8
Invocations    | 7 15 18 | 18.5

Action                   |  1- 3 |  4- 6 |  7- 9 | 10-12 | 13-15 | 16-18 | 19-21 || total
-------------------------+-------+-------+-------+-------+-------+-------+-------++-------
Melee: Executioner's axe |     1 |       |       |       |     2 |     8 |       ||    11
Dodge: Dodged            |       |       |       |       |       |     2 |       ||     2
